 Dungeon Crawl Stone Soup version 0.27.0-65-ge2af304b15 (console) character file.

Game seed: 4448340924125885138

94 Banquo the Slasher (level 4, -3/34 HPs)
             Began as a Djinni Warper on Aug 18, 2021.
             Was a Believer of Makhleb.
             Slain by an orc (5 damage)
             ... on level 3 of the Dungeon.
             The game lasted 00:06:16 (2950 turns).

Banquo the Slasher (Djinni Warper)                  Turns: 2950, Time: 00:06:16

Health: -3/34      AC:  4    Str: 10    XL:     4   Next: 94%
Gold:   40         EV: 11    Int: 15    God:    Makhleb [**....] SH:  5 Dex: 13

rFire    + + .     SeeInvis +   a - +0 falchion
rCold    x . .     Faith    .   (no shield)
rNeg     . . .     Spirit   .   b - +0 leather armour
rPois    ∞         Reflect  +   (no helmet)
rElec    .         Harm     .   (no cloak)
rCorr    .         Rampage  .   n - +0 pair of gloves
Will     .....                  (boots unavailable)
Stlth    +.........             f - amulet of reflection
HPRegen  0.11/turn              j - ring of see invisible
MPRegen  0.00/turn              (no ring)

@: flying
A: sickness immunity, fire resistance 2, cold vulnerability 1, float, innate
caster, hp casting, extra vitality 1
a: Renounce Religion, Minor Destruction


You were on level 3 of the Dungeon.
You worshipped Makhleb.
Makhleb was pleased with you.
You visited 1 branch of the dungeon, and saw 3 of its levels.

You collected 40 gold pieces.

Inventory:

Hand Weapons
 a - a +0 falchion (weapon)
 p - a +3 dagger
Missiles
 d - 5 boomerangs of dispersal (quivered)
 e - 51 stones
Armour
 b - a +0 leather armour (worn)
 l - a +0 chain mail
 n - a +0 pair of gloves (worn)
Jewellery
 f - an amulet of reflection (around neck)
 j - a ring of see invisible (left hand)
Scrolls
 c - 2 scrolls of blinking
 g - a scroll of amnesia {unknown}
 i - 3 scrolls of fear {unknown}
 k - a scroll of magic mapping {unknown}
 o - a scroll of immolation {unknown}
 q - 2 scrolls of enchant weapon {unknown}
Potions
 h - a potion of heal wounds {unknown}
 m - a potion of flight {unknown}


   Skills:
 * Level 2.7 Fighting
 * Level 3.4 Long Blades
 - Level 0.7 Throwing
 - Level 1.0 Armour
 - Level 2.1 Dodging
 + Level 2.8 Spellcasting


You couldn't memorise any spells.
You knew the following spells:

 Your Spells              Type           Power      Damage    Failure   Level
a - Blink                 Tloc           N/A        N/A       13%         2
b - Lesser Beckoning      Tloc           5%         N/A       26%         3
c - Gell's Gravitas       Tloc           5%         N/A       26%         3
d - Teleport Other        Tloc           10%        N/A       26%         3
e - Manifold Assault      Tloc           10%        N/A       93%         5
f - Animate Skeleton      Necr           20%        N/A       9%          1
Your spell library was empty.

Dungeon Overview and Level Annotations

Branches:
Dungeon (3/15)

Altars:
Elyvilon
Makhleb

Annotations:
D:3 2 runed translucent doors, Crazy Yiuf; mora's ghost, amateur OpFE


Innate Abilities, Weirdness & Mutations

You are immune to sickness and miasma.
You are immune to poison.
Your flesh is very heat resistant. (rF++)
You are vulnerable to cold. (rC-)
You float through the air rather than walking.
You learn spells naturally, not from books.
Your magical power is your life essence.
You have superior vitality. (+4 HP)


Message History

The orc hits you from afar with a +0 trident.
The orc hits you with a +0 club.
You hit the orc but do no damage.
The orc is moderately wounded.
The orc hits you from afar with a +0 trident.
The orc barely misses you.
You hit the orc but do no damage.
The orc is moderately wounded.
The orc misses you. The orc hits you but does no damage.
You block the orc's attack.
You closely miss the orc.
The orc is moderately wounded.
The orc hits you but does no damage.
The orc hits you from afar with a +0 trident.
You hit the orc but do no damage.
The orc is moderately wounded.
You block the orc's attack. The orc hits you but does no damage.
You hit the orc.
The orc is almost dead.
The orc barely misses you.
The orc hits you from afar with a +0 trident.
* * * LOW HITPOINT WARNING * * *
You block the orc's attack.
You hit the orc but do no damage.
The orc is severely wounded.
The orc hits you from afar with a +0 trident.
* * * LOW HITPOINT WARNING * * *
The orc hits you with a +0 club.
* * * LOW HITPOINT WARNING * * *
You barely miss the orc.
The orc is severely wounded.
The orc hits you but does no damage. The orc barely misses you.
You hit the orc but do no damage.
The orc is severely wounded.
The orc barely misses you. The orc hits you with a +0 club.
* * * LOW HITPOINT WARNING * * *
You hit the orc but do no damage.
The orc is severely wounded.
The orc hits you from afar with a +0 trident.
You die...

######### #### #..oo...#
#... #.#####.# #.## #.# #o#
#.# #o# #o# ##########.#
#o# #.# #####
#####........#.# #)#
#.###...###...#........#.##
#)#
#...'...oo@...'........#.#.
...
#####...###...#.....:..#.#.
.... #...#
#...#........#.'. .....
##### #...#........###.
.....# #...#.....)..# ##
###### #...#........# #
#####........# # #........#
# #######'## #


You could see 2 orcs.

Vanquished Creatures
  3 adders
  2 worms
  A dart slug (D:1)
  3 orcs (D:3)
  4 ball pythons
  7 bats
  2 endoplasms
  4 giant cockroaches
  5 goblins
  6 hobgoblins
  2 jackals (D:2)
  4 kobolds
  A quokka (D:3)
  2 frilled lizards
  5 rats (D:1)
51 creatures vanquished.

Notes
Turn   | Place    | Note
-------+----------+-------------------------------------------
     0 | D:1      | Banquo the Djinni Warper began the quest for the Orb.
     0 | D:1      | Reached XP level 1. HP: 18/18 MP: 0/0
    72 | D:1      | Reached skill level 2 in Long Blades
    72 | D:1      | Reached XP level 2. HP: 23/23 MP: 0/0
   308 | D:1      | Found a faded altar of an unknown god.
   314 | D:1      | Reached XP level 3. HP: 27/28 MP: 0/0
   314 | D:1      | Learned a level 1 spell: Animate Skeleton
   328 | D:1      | Became a worshipper of Makhleb the Destroyer
   328 | D:1      | Reached * piety under Makhleb
  1396 | D:2      | Reached XP level 4. HP: 25/34 MP: 0/0
  1528 | D:2      | Reached skill level 3 in Long Blades
  2171 | D:3      | Reached ** piety under Makhleb
  2194 | D:3      | Found a white marble altar of Elyvilon.
  2724 | D:3      | Found a runed translucent door.
  2725 | D:3      | Noticed Crazy Yiuf
  2802 | D:3      | Found a runed translucent door.
  2803 | D:3      | Noticed mora's ghost (amateur OpFE)
  2950 | D:3      | Slain by an orc

Illustrated notes

Levels and vault maps discovered:
D:1:      roderic_dead_forest, layout_basic, chequers_ecumenical_altar_simple
D:2:      layout_loops_corners
D:3:      layout_basic, mainiacjoe_overflow_brackets, ebering_ghost_sewer_f,
          kennysheep_small_spiral, uniq_crazy_yiuf_cottage

Skill      XL: |  1  2  3  4 |
---------------+-------------+-----
Long Blades    | 2 3 |  3.4
Fighting       | |  2.7
Throwing       | |  0.7
Armour         | |  1.0
Dodging        | |  2.1
Spellcasting   | |  2.8

Action                   |  1- 3 |  4- 6 || total
-------------------------+-------+-------++-------
Melee: Falchion          |    94 |    96 ||   190
Armor: Leather armour    |    32 |    17 ||    49
Dodge: Dodged            |    61 |    46 ||   107
Block: Other             |    20 |    19 ||    39
       Rpst.: Falchion   |    24 |     9 ||    33
